 Dungeon Crawl Stone Soup version 0.32-a0-22-g6ae6769602 (webtiles) character file.

Game seed: 8367038012830588703

5196 jasper the Grappler (level 10, -36/77 (86) HPs)
             Began as an Armataur Fighter on Jan 18, 2024.
             Was a Priest of Wu Jian.
             Killed from afar by Nergalle (37 damage)
             ... with a bolt of negative energy
             ... on level 10 of the Dungeon.
             The game lasted 00:13:04 (9365 turns).

jasper the Grappler (Armataur Fighter)              Turns: 9365, Time: 00:13:05

HP:   -36/77 (86)   AC:  7    Str: 21    XL:     10   Next: 34%
MP:   10/10         EV: 12    Int:  9    God:    Wu Jian [***...]
Gold: 553           SH:  7    Dex: 20    Spells: 9/9 levels left

rFire   . .          .
                       - Unarmed
rCold   . . .        b - +1 buckler
rNeg    . . .        o - +0 robe
rPois   .            g - +0 helmet
rElec   .            d - +0 cloak
rCorr   .            s - +0 pair of gloves
SInv    .            (no barding)
Will    +....        (no amulet)
Stlth   ++           D - +6 ring of dexterity
HPRegen 0.32/turn    A - ring of willpower
MPRegen 0.12/turn

%: roll
@: hasted, heavily drained, very quick
A: large, deformed body, tough skin 3, armoured tail, roll 2
a: Renounce Religion, Wall Jump, Serpent's Lash


You were on level 10 of the Dungeon.
You worshipped Wu Jian.
Wu Jian was most pleased with you.
You visited 2 branches of the dungeon, and saw 11 of its levels.

You collected 553 gold pieces.

Inventory:

Missiles
 m - 51 stones (quivered)
 n - 18 boomerangs
 p - 18 poisoned darts
 E - a curare-tipped dart
 G - 2 throwing nets
Armour
 a - a +0 scale mail
 b - a +1 buckler (worn)
 d - a +0 cloak (worn)
 g - a +0 helmet (worn)
 o - a +0 robe (worn)
 s - a +0 pair of gloves (worn)
 x - a +2 animal skin
Jewellery
 i - a ring of magical power
 y - a ring of see invisible
 A - a ring of willpower (right hand)
 D - a +6 ring of dexterity (left hand)
 F - an amulet of magic regeneration
Wands
 z - a wand of charming (9)
Scrolls
 c - 7 scrolls of identify
 f - a scroll of vulnerability
 j - a scroll of poison
 k - 2 scrolls of fog
 l - a scroll of summoning
 q - a scroll of immolation
 B - a scroll of noise
Potions
 e - a potion of brilliance
 h - 2 potions of cancellation
 r - 2 potions of berserk rage
 t - a potion of invisibility
 u - a potion of attraction
 v - a potion of mutation
 I - a potion of magic
 J - a potion of might


   Skills:
 + Level 7.6 Fighting
 - Level 3.6 Armour
 + Level 5.0 Dodging
 - Level 5.0 Shields
 * Level 10.2 Unarmed Combat


You had 9 spell levels left.
You didn't know any spells.
Your spell library contained the following spells:

 Spells                   Type           Power      Damage    Failure   Level
 Apportation              Tloc           0%         N/A       43%         1
 Freeze                   Ice            0%         1d3       43%         1
 Sting                    Conj/Alch      0%         1d3       43%         1
 Blink                    Tloc           0%         N/A       58%         2
 Jinxbite                 Hex            0%         N/A       58%         2
 Lesser Beckoning         Tloc           0%         N/A       58%         2
 Mercury Vapours          Alch/Air       0%         N/A       58%         2
 Momentum Strike          Conj/Tloc      0%         3d8       58%         2
 Static Discharge         Conj/Air       0%         3-3/arc   58%         2
 Call Canine Familiar     Summ           0%         N/A       82%         3
 Dazzling Flash           Conj/Hex       0%         N/A       82%         3
 Frozen Ramparts          Ice            0%         1d1       82%         3
 Hailstorm                Conj/Ice       0%         3d5       82%         3
 Sigil of Binding         Hex            0%         N/A       82%         3
 Volatile Blastmotes      Fire/Tloc      0%         2d10      82%         3
 Airstrike                Air            0%         2d(0-16)  99%         4
 Dimensional Bullseye     Hex/Tloc       0%         N/A       99%         4
 Olgreb's Toxic Radiance  Alch           0%         N/A       99%         4
 Summon Lightning Spire   Summ/Air       0%         N/A       99%         4
 Alistair's Intoxication  Alch           0%         N/A       100%        5
 Starburst                Conj/Fire      0%         6d3       100%        6
 Maxwell's Capacitive Co  Air            0%         ∞         100%        8


Dungeon Overview and Level Annotations

Branches:
Dungeon (10/15)            Temple (1/1) D:4            Lair (0/5) D:10
    Orc: D:9-12

Altars:
Ashenzari
Cheibriados
Dithmenos
Elyvilon
Gozag
Hepliaklqana
Kikubaaqudgha
Makhleb
Nemelex Xobeh
Okawaru
Qazlal
Ru
Sif Muna
Trog
Vehumet
Wu Jian
Xom
Yredelemnul
Zin
The Shining One

Shops:
D:1 (

Annotations:
D:10 exclusion: oklob plant, Nergalle


Innate Abilities, Weirdness & Mutations

Armour fits poorly on your strangely shaped body.
You have extremely tough skin. (AC +3)
You have a long armoured tail.
You regenerate magic and health when rolling toward enemies. (Rampage Regen)


Message History

The bolt of negative energy hits the spectral orc warrior.
The spectral orc warrior completely resists.
You punch Nergalle!
Nergalle is almost dead.
The spectral orc warrior misses you.
The spectral orc warrior hits you from afar with a +0 glaive!!
Nergalle barely misses you.
You take 17 damage, and have 31/86 hp.
You hit Nergalle but do no damage.
Nergalle is almost dead.
The spectral orc warrior misses you.
The spectral orc warrior hits you with a +0 trident!
* * * LOW HITPOINT WARNING * * *
You feel drained.
* * * LOW HITPOINT WARNING * * *
You take 13 damage, and have 18/84 hp.
You barely miss Nergalle.
Nergalle is almost dead.
Nergalle hits you but does no damage. The spectral orc warrior misses you.
The spectral orc warrior barely misses you.
You hit Nergalle but do no damage.
Nergalle is almost dead.
Nergalle barely misses you.
You hit Nergalle but do no damage.
Nergalle is almost dead.
The spectral orc warrior hits you with a +0 trident!
* * * LOW HITPOINT WARNING * * *
You feel drained.
* * * LOW HITPOINT WARNING * * *
You block the spectral orc warrior's attack.
Nergalle shouts, "Kill, kill, my pretties!"
Nergalle hits you with a +0 dagger.
* * * LOW HITPOINT WARNING * * *
You take 18 damage, and have 1/82 hp.
MASSIVE DAMAGE!!
You feel yourself speed up.
The spectral orc warrior barely misses you.
You block the spectral orc warrior's attack.
Nergalle points at you and mumbles some strange words.
The bolt of negative energy hits you!!!
You feel drained.
You die...

# ?.. #. #.y #.≈
#.. #.≈.###.#
#.≈....###########
#.≈...............
#.≈......ZZ#
#.≈.######Z######
#. #@#....###
#o#.......
#Z#.......
#.......#
#....$..####### .
#.......##.... o.
##.......##... .)
#.....#..##..♣♣♣♣.#
#.....#..##..♣...(.


You could see Nergalle and 4 spectral orc warriors.

Vanquished Creatures
  A deep elf pyromancer (D:7)
  Maggie (D:7)
  A hornet (D:10)
  A wyvern (D:7)
  A steam dragon (D:7)
  Grum (D:10)
  Menkaure (D:4)
  An acid dragon (D:9)
  A water moccasin (D:6)
  2 ice beasts
  4 ogres
  A sky beast (D:8)
  An orc warrior (D:7)
  3 wolves (D:10)
  5 centaurs
  3 phantoms
  3 kobold brigands
  2 gnoll sergeants (D:9)
  4 bullfrogs
  3 scorpions
  10 wights
  A jelly (D:6)
  An orc priest (D:8)
  3 hounds (D:4)
  6 iguanas
  5 orc wizards
  11 gnolls
  6 adders
  A shadow imp (D:7)
  4 white imps
  2 ribbon worms
  A dart slug (D:4)
  29 orcs
  10 endoplasms
  4 giant cockroaches
  7 goblins
  4 hobgoblins
  2 jackals (D:1)
  16 kobolds
  3 quokkas (D:1)
  8 ball pythons
  7 bats
  2 frilled lizards
  4 rats
187 creatures vanquished.

Notes
Turn   | Place    | Note
-------+----------+-------------------------------------------
     0 | D:1      | jasper the Armataur Fighter began the quest for the Orb.
     0 | D:1      | Reached XP level 1. HP: 18/18 MP: 1/1
    50 | D:1      | Found Duasal's Weapon Shop.
    61 | D:1      | Reached skill level 2 in Unarmed Combat
    86 | D:1      | Reached XP level 2. HP: 3/25 MP: 2/2
    86 | D:1      | HP: 1/25 [quokka (2)]
   235 | D:1      | Found a faded altar of an unknown god.
   304 | D:1      | Prayed at the altar of an unknown god.
   304 | D:1      | Became a worshipper of the Shining One
   304 | D:1      | Reached * piety under the Shining One
   827 | D:2      | Reached XP level 3. HP: 27/31 MP: 3/3
   873 | D:2      | Found an ornate altar of the Wu Jian Council.
   906 | D:2      | Fell from the grace of the Shining One
   906 | D:2      | Became a worshipper of the Wu Jian Council
  1554 | D:3      | Reached skill level 3 in Unarmed Combat
  1566 | D:3      | Reached XP level 4. HP: 38/38 MP: 4/4
  1911 | D:3      | Reached * piety under Wu Jian
  2436 | D:4      | HP: 1/38 [iguana (7)]
  2438 | D:4      | Reached XP level 5. HP: 2/45 MP: 5/5
  2780 | D:4      | Reached skill level 4 in Unarmed Combat
  2797 | D:4      | Noticed an ogre
  2947 | D:4      | Reached XP level 6. HP: 52/52 MP: 6/6
  2970 | D:4      | Noticed Menkaure
  2979 | D:4      | Killed Menkaure
  3210 | D:4      | Reached skill level 5 in Shields
  3210 | D:4      | Reached skill level 5 in Unarmed Combat
  3406 | D:4      | Gained mutation: You regenerate magic and health when
                  | rolling toward enemies. (Rampage Regen) [Armataur growth]
  3406 | D:4      | Reached XP level 7. HP: 57/59 MP: 7/7
  3470 | D:4      | Found a staircase to the Ecumenical Temple.
  3529 | Temple   | Entered the Ecumenical Temple
  3543 | D:5      | Entered Level 5 of the Dungeon
  3803 | D:5      | Reached skill level 1 in Dodging
  3840 | D:5      | Reached ** piety under Wu Jian
  3986 | D:5      | Reached skill level 6 in Unarmed Combat
  4703 | D:6      | Reached skill level 5 in Fighting
  4703 | D:6      | Reached XP level 8. HP: 35/68 MP: 8/8
  5600 | D:6      | Reached skill level 7 in Unarmed Combat
  6438 | D:7      | Reached skill level 8 in Unarmed Combat
  6438 | D:7      | Reached XP level 9. HP: 28/75 MP: 9/9
  6611 | D:7      | Noticed Maggie
  6755 | D:7      | Killed Maggie
  7053 | D:7      | Reached *** piety under Wu Jian
  7494 | D:7      | Noticed a deep elf pyromancer
  7507 | D:7      | Killed a deep elf pyromancer
  7508 | D:7      | Reached skill level 9 in Unarmed Combat
  7593 | D:8      | Found a snail-covered altar of Cheibriados.
  8332 | D:8      | Reached XP level 10. HP: 82/86 MP: 10/10
  8688 | D:9      | Found a basalt altar of Yredelemnul.
  8694 | D:9      | Found a broken altar of Ashenzari.
  8703 | D:9      | Found a sacrificial altar of Ru.
  8710 | D:9      | Found a hazy altar of Hepliaklqana.
  8710 | D:9      | Found a shadowy altar of Dithmenos.
  8773 | D:9      | Noticed a smoke demon
  8775 | D:9      | Reached skill level 10 in Unarmed Combat
  8790 | D:10     | Entered Level 10 of the Dungeon
  8790 | D:10     | Noticed an oklob plant
  8791 | D:10     | Found a staircase to the Lair.
  9002 | D:10     | Found an ancient bone altar of Kikubaaqudgha.
  9007 | D:10     | Paralysed by a hornet for 2 turns
  9243 | D:10     | Noticed Grum
  9247 | D:10     | Reached skill level 5 in Dodging
  9248 | D:10     | Noticed Nergalle
  9318 | D:10     | Killed Grum
  9364 | D:10     | HP: 1/82 [Nergalle/+0 dagger (4)]
  9365 | D:10     | Killed from afar by Nergalle

Illustrated notes

Levels and vault maps discovered:
D:1:      lemuel_arrival_broad_hall, layout_rooms, serial_shops, shop,
          hellmonk_ecumenical_altar_slurped_away
D:2:      layout_basic, basic_altar
D:3:      layout_loops_ring, amcnicky_mini_rare_corridor_liquid
D:4:      layout_gridville, minmay_temple_entry_offerings, uniq_menkaure
D:5:      layout_gridville, chequers_serial_rivers_micro_e,
          chequers_decorated_corner, minmay_misc_feat_encased,
          serial_bayou_pond_d
D:6:      layout_basic, serial_corexii_hall, corexii_hall_statues_s,
          corexii_hall_statues_i, chequers_hall_statues_wall_a,
          corexii_hall_statues_l, minmay_misc_feat_five
D:7:      layout_basic, nicolae_sextant, guppyfry_early_elven_hall, uniq_maggie
D:8:      layout_cave_pods, amcnicky_altar_gilded
D:9:      layout_roguey, mainiacjoe_overflow_alcove_1,
          grunt_temple_overflow_open, serial_bayou_pond_e, minmay_misc_feat_chi
D:10:     layout_basic, mainiacjoe_overflow_chevrons, nicolae_overflow_squiral,
          dpeg_oklobed_lair, uniq_grum, uniq_nergalle, uniq_urug, uniq_joseph
Temple:   nicolae_temple_bog_church

Skill      XL: |  1  2  3  4  5  6  7  8  9 10 |
---------------+-------------------------------+-----
Unarmed Combat | 2 3 4 5 6 8 9 10 | 10.2
Fighting       | 3 4 5 6 7 |  7.6
Shields        | 4 5 |  5.0
Dodging        | 1 3 4 5 |  5.0
Armour         | |  3.6

Action                     |  1- 3 |  4- 6 |  7- 9 | 10-12 || total
---------------------------+-------+-------+-------+-------++-------
  Melee: Unarmed           |   135 |   142 |   361 |   184 ||   822
         Tailslap          |     7 |    17 |    45 |    22 ||    91
  Throw: Stone             |       |     6 |       |       ||     6
         Dart              |       |     1 |       |       ||     1
Ability: Lunge             |     6 |    21 |    46 |    14 ||    87
         Whirlwind         |       |    16 |    32 |    92 ||   140
    Use: Potion            |     1 |       |       |     2 ||     3
         Scroll            |       |    11 |    11 |     2 ||    24
   Stab: Sleeping          |       |       |     1 |       ||     1
 Armour: Scale mail        |   100 |       |       |       ||   100
         Robe              |       |    46 |   157 |    99 ||   302
  Dodge: Dodged            |    44 |    35 |    95 |    60 ||   234
  Block: Buckler           |    24 |    18 |    59 |    51 ||   152

Table legend: (Time is in decaauts)
 A = Elapsed time spent in this place.
 B = Non-inter-level travel time spent in this place.
 C = Inter-level travel time spent in this place.
 D = Time resting spent in this place.
 E = Time spent auto-exploring this place.
 F = Levels seen in this place.
 G = Mean time per level.
                   A        B        C        D        E       F      G
               +--------+--------+--------+--------+--------+-----+--------+
         Total |   9319 |   8928 |    391 |    923 |   6489 |  11 |  847.2 |
       Dungeon |   9317 |   8926 |    391 |    923 |   6489 |  10 |  931.7 |
        Temple |      1 |      1 |      0 |      0 |      0 |   1 |    1.0 |
               +--------+--------+--------+--------+--------+-----+--------+

Top non-repeatable levels by time:
     D:6: 1563 daAuts
     D:7: 1412 daAuts
     D:5: 1050 daAuts
     D:4: 1015 daAuts
     D:3: 974 daAuts
     D:8: 923 daAuts
     D:1: 818 daAuts
     D:2: 724 daAuts
    D:10: 571 daAuts
     D:9: 263 daAuts
  Temple: 1 daAuts
